AoeStats
← willrhyd

Fortress

507329591Analyzed
4v4 RM · 14d ago on Sep 17, 2026· 31m 30s· 8 players
Game mode
Random Map
Map size
Huge
Population
200
Speed
Normal
Resources
Standard
Victory
Conquest
Starting age
Dark Age
Ending age
Imperial Age
RankedLock teamsTeams togetherTeam positionsShared explorationLock speedFull tech treeHidden civsTurbo modeCheats
Victory
Defeat
🇩🇪 Persians · Germany
1378
+15
🇬🇧 Bengalis · United Kingdom
1367
+16
🇫🇷 Huns · France
1354
+16
🇹🇼 Bulgarians · Taiwan
1346
+17
🇷🇺 Armenians · Russia
1447
-19
🇨🇳 Cumans · China
1399
-17
🇷🇺 Mapuche · Russia
1325
-15
🇭🇰 Sicilians · Hong Kong SAR China
1282
-13
willrhyd
6:26 Feudal Age
10:56 Castle Age
9:16 Double-Bit Axe
9:42 Horse Collar
11:51 Gold Mining
12:46 Bow Saw
14:39 Loom
15:07 Loom
18:21 Fletching
19:42 Wheelbarrow
19:26 Bodkin Arrow
21:04 Sanctity
21:37 Redemption
21:23 Man-at-Arms
22:09 Husbandry
24:16 Hand Cart
24:38 Ballistics
26:50 Fervor
30:46 Imperial Age
31:15 Padded Archer Armor
31:34 Bracer
32:37 Chemistry
31:26 Elite Ratha (Ranged)
cmd 2.0
7:30 Feudal Age
11:07 Castle Age
9:29 Double-Bit Axe
9:41 Horse Collar
11:57 Bow Saw
18:26 Loom
19:17 Wheelbarrow
18:29 Town Watch
19:32 Heavy Plow
19:59 Gold Mining
19:59 Stone Mining
28:05 Imperial Age
26:11 Hand Cart
26:13 Bloodlines
26:03 Husbandry
26:10 Scale Barding Armor
27:48 Chain Barding Armor
27:38 Forging
28:13 Gold Shaft Mining
27:30 Stone Mining
27:44 Cavalier
29:00 Plate Barding Armor
29:38 Two-Man Saw
29:16 Savar
31:42 Iron Casting
TW_Picar
7:40 Feudal Age
11:13 Castle Age
10:21 Horse Collar
10:29 Double-Bit Axe
12:33 Bow Saw
13:49 Heavy Plow
19:01 Wheelbarrow
19:10 Loom
20:09 Scale Barding Armor
20:15 Forging
20:11 Scale Mail Armor
20:22 Forging
23:41 Imperial Age
21:08 Gold Mining
21:38 Gambesons
21:57 Squires
22:16 Chain Mail Armor
22:37 Iron Casting
24:05 Gold Shaft Mining
23:20 Pikeman
25:14 Plate Mail Armor
25:45 Blast Furnace
27:57 Blast Furnace
27:10 Bagains
30:12 Blast Furnace
30:07 Crop Rotation
30:10 Halberdier
SaynhurChouk
7:01 Feudal Age
10:56 Castle Age
11:06 Wheelbarrow
10:44 Double-Bit Axe
12:35 Bow Saw
18:26 Horse Collar
18:35 Loom
20:35 Stone Mining
21:04 Heavy Plow
22:12 Scale Barding Armor
22:49 Fletching
23:40 Chain Barding Armor
23:32 Bloodlines
23:34 Gold Mining
25:04 Hand Cart
28:12 Imperial Age
26:03 Forging
26:16 Town Watch
28:10 Iron Casting
27:36 Husbandry
27:56 Marauders
28:31 Town Patrol
29:16 Conscription
29:21 Atheism
29:12 Elite Tarkan
31:02 Plate Barding Armor
31:50 Blast Furnace
UnHappy
7:33 Feudal Age
11:09 Castle Age
9:32 Double-Bit Axe
10:46 Horse Collar
11:21 Scale Mail Armor
11:31 Gold Mining
12:34 Squires
14:02 Loom
16:01 Loom
17:59 Forging
22:53 Chain Mail Armor
25:50 Gold Shaft Mining
25:57 Wheelbarrow
Landau
7:29 Feudal Age
11:43 Castle Age
10:24 Double-Bit Axe
10:23 Horse Collar
15:42 Wheelbarrow
17:20 Bow Saw
18:39 Heavy Plow
20:06 Hand Cart
20:36 Town Watch
21:24 Loom
24:14 Imperial Age
22:22 Gold Mining
22:24 Stone Mining
22:22 Loom
22:31 Fletching
25:03 Gold Shaft Mining
24:22 Capped Ram
24:24 Pikeman
25:04 Squires
25:37 Scale Mail Armor
25:47 Forging
25:34 Bodkin Arrow
25:44 Halberdier
27:06 Chain Mail Armor
28:25 Chemistry
27:39 Masonry
27:46 Bracer
29:05 Siege Ram
30:23 Elite Composite Bowman
31:24 Conscription
31:41 Iron Casting
31:21 Chain Mail Armor
31:42 Iron Casting
[SDG]Koliasik
7:59 Feudal Age
12:03 Castle Age
10:19 Horse Collar
10:32 Double-Bit Axe
16:09 Bow Saw
17:20 Heavy Plow
22:38 Wheelbarrow
22:56 Fletching
27:06 Imperial Age
25:01 Bodkin Arrow
26:27 Padded Archer Armor
27:54 Leather Archer Armor
27:17 Elite Bolas Rider
28:27 Conscription
28:32 Butalmapu
29:42 Ballistics
31:05 Malon
羊了个羊
7:29 Feudal Age
11:15 Horse Collar
14:20 Castle Age
14:36 Loom
16:09 Heavy Plow
16:20 Double-Bit Axe
21:32 Bloodlines
21:32 Scale Barding Armor
24:40 Bow Saw
27:57 Chain Barding Armor
28:15 Forging
32:25 Imperial Age
30:31 Wheelbarrow
30:23 Gold Mining
30:25 Stone Mining
31:53 Gold Shaft Mining
32:19 Iron Casting
Connection lost

Rejoining the realm…

Still unreachable

The connection could not be restored.

Session expired

The server has moved on; the page needs a fresh start.